 Dungeon Crawl Stone Soup version 0.30-a0-365-ge7f957f1db (webtiles) character file.

Game seed: 1145616525108702583

117 kiwi3s the Trooper (level 4, -1/45 HPs)
             Began as a Minotaur Berserker on Nov 17, 2022.
             Was a Follower of Trog.
             Slain by an orc wizard
             ... wielding a +0 dagger
              (2 damage)
             ... on level 3 of the Dungeon.
             The game lasted 00:14:37 (1338 turns).

kiwi3s the Trooper (Minotaur Berserker)             Turns: 1338, Time: 00:14:38

Health: -1/45      AC:  2    Str: 23    XL:     4   Next: 71%
Magic:  3/3        EV: 12    Int:  4    God:    Trog [*.....]
Gold:   73         SH:  0    Dex: 10    Spells: 3/3 levels left

rFire   . . .      SeeInvis .    a - +1 hand axe
rCold   . . .      Faith    .    (no shield)
rNeg    . . .      Spirit   .    b - +0 animal skin
rPois   .          Reflect  .    (helmet restricted)
rElec   .          Harm     .    (no cloak)
rCorr   .          Rampage  .    (no gloves)
Will    ++...                    (no boots)
Stlth   +.........               (no amulet)
HPRegen 1.27/turn                (no ring)
MPRegen 0.08/turn                (no ring)

@: strong-willed, on berserk cooldown, regenerating
A: horns 2, retaliatory headbutt
a: Renounce Religion, Berserk


You were on level 3 of the Dungeon.
You worshipped Trog.
Trog was aware of your devotion.
You visited 1 branch of the dungeon, and saw 3 of its levels.

You collected 129 gold pieces.
You spent 56 gold pieces at shops.

Inventory:

Hand Weapons
 a - a +1 hand axe (weapon)
Armour
 b - a +0 animal skin (worn)
 d - a +0 plate armour
 f - a +0 scale mail
Jewellery
 h - a ring of positive energy
Scrolls
 c - 3 scrolls of enchant armour
 g - 2 scrolls of amnesia
 k - a scroll of identify
Potions
 e - a potion of brilliance {unknown}
 i - a potion of flight
 l - a potion of heal wounds {unknown}


   Skills:
 + Level 6.6 Fighting
 * Level 3.7 Axes
 - Level 2.4 Armour
 + Level 2.2 Dodging


You had 3 spell levels left.
You didn't know any spells.
Your spell library was empty.

Dungeon Overview and Level Annotations

Branches:
Dungeon (3/15)

Altars:

Shops:
D:1 !


Innate Abilities, Weirdness & Mutations

You have a pair of horns on your head.
You reflexively headbutt those who attack you in melee.


Message History

The orc priest mumbles some strange prayers to Beogh against you.
Beogh smites you!
You bump into the rock wall.
You feel less confused. Something hits you. x2
The orc priest invokes the aid of Beogh against you.
Beogh smites you!
* * * LOW HITPOINT WARNING * * *
Something hits you.
* * * LOW HITPOINT WARNING * * *
There is a stone staircase leading down here.
You feel better.
You hear some strange, mumbled words.
Something tries to affect you, but you resist.
You feel better. Something barely misses you. Something hits you.
Okay, then.
You hear some strange, mumbled words.
A magic dart appears from out of thin air!
The magic dart hits you.
* * * LOW HITPOINT WARNING * * *
Something barely misses you.
A magic dart appears from out of thin air!
The magic dart hits you.
* * * LOW HITPOINT WARNING * * *
Something hits you.
* * * LOW HITPOINT WARNING * * *
Something hits you.
* * * LOW HITPOINT WARNING * * *
Something hits you.
* * * LOW HITPOINT WARNING * * *
Something hits you.
* * * LOW HITPOINT WARNING * * *
Your skin crawls.
You feel strong-willed.
You can no longer call upon Trog for regeneration and willpower.
You feel yourself speed up. Something hits you.
* * * LOW HITPOINT WARNING * * *
Something hits you.
You die...

#####
......############
......)).oo.o....#
###...######..##.#
.....
#####..##.####
####
#oo..o.......#####
#.###..#####......
#@# #..# #.#####
#.# #.(# #...#
###.####.# #.#.#
..#.##...#####.#.#
#.#.##.#.......#.#
#.#.##.####.####.#
#.#.##.# #[# .#
#.#.##.####.### .#
#.#........... ..


You could see an orc priest and an orc.

Vanquished Creatures
  Natasha (twice) (D:2)
  Terence (D:2)
  An adder (D:2)
  2 orcs (D:3)
  An endoplasm (D:1)
  A giant cockroach (D:1)
  5 goblins
  3 hobgoblins
  3 jackals (D:1)
  3 ball pythons
  2 bats (D:2)
  3 frilled lizards
  2 kobolds (D:1)
  6 rats
35 creatures vanquished.

Notes
Turn   | Place    | Note
-------+----------+-------------------------------------------
     0 | D:1      | kiwi3s the Minotaur Berserker began the quest for the Orb.
     0 | D:1      | Reached XP level 1. HP: 19/19 MP: 0/0
    57 | D:1      | Reached skill level 4 in Fighting
   163 | D:1      | Reached XP level 2. HP: 12/28 MP: 1/1
   570 | D:1      | Found Piskoi's Distillery.
   579 | D:1      | Bought a potion of curing for 42 gold pieces
   579 | D:1      | Bought a potion of degeneration for 14 gold pieces
   694 | D:2      | Noticed Terence
   720 | D:2      | Killed Terence
   721 | D:2      | Reached skill level 5 in Fighting
   721 | D:2      | Reached XP level 3. HP: 36/36 MP: 2/2
   989 | D:2      | Noticed Natasha
  1000 | D:2      | Killed Natasha
  1001 | D:2      | Reached skill level 6 in Fighting
  1001 | D:2      | Reached XP level 4. HP: 31/44 MP: 3/3
  1125 | D:2      | Noticed Natasha
  1147 | D:2      | Killed Natasha
  1228 | D:3      | Reached ** piety under Trog
  1326 | D:3      | HP: 1/45 [something (2)]
  1337 | D:3      | HP: 1/45 [something (4)]
  1338 | D:3      | Slain by an orc wizard

Illustrated notes

Levels and vault maps discovered:
D:1:      scummos_arrival_hexagon, layout_rooms, serial_shops, shop
D:2:      layout_rooms, minmay_misc_feat_square, uniq_natasha, uniq_terence
D:3:      layout_loops_ring

Skill      XL: |  1  2  3 |
---------------+----------+-----
Fighting       | 4 5 6 |  6.6
Axes           | |  3.7
Armour         | |  2.4
Dodging        | |  2.2

Action                   |  1- 3 |  4- 6 || total
-------------------------+-------+-------++-------
Melee: Hand axe          |    64 |    21 ||    85
       Headbutt          |     2 |       ||     2
Invok: Berserk           |     2 |     1 ||     3
       Trog's Hand       |       |     1 ||     1
  Use: Scroll            |       |     4 ||     4
       Potion            |       |     2 ||     2
Armor: Animal skin       |    12 |     4 ||    16
Dodge: Dodged            |    42 |     9 ||    51

Table legend: (Time is in decaauts)
 A = Elapsed time spent in this place.
 B = Non-inter-level travel time spent in this place.
 C = Inter-level travel time spent in this place.
 D = Time resting spent in this place.
 E = Time spent auto-exploring this place.
 F = Levels seen in this place.
 G = Mean time per level.
                   A        B        C        D        E       F      G
               +--------+--------+--------+--------+--------+-----+--------+
         Total |   1373 |   1301 |     72 |    100 |    861 |   3 |  457.7 |
       Dungeon |   1373 |   1301 |     72 |    100 |    861 |   3 |  457.7 |
               +--------+--------+--------+--------+--------+-----+--------+

Top non-repeatable levels by time:
     D:1: 654 daAuts
     D:2: 583 daAuts
     D:3: 136 daAuts
